Map: Dusk Towers

Players

Miszu - Winner!

  • Race: Terran Terran
  • League: Master

IlIlIIlIIlIl

  • Race: Terran Terran
  • League: Master

VOD

Have the link to the VOD?

Description

Time

  • Played on: April 11, 2016, 1:49 p.m.
  • Length: 13:51
Show
View Real Time Build Order
Export as new Build Order

Miszu Terran - Winner!

Build Orders: Bio Tank 

Get SALT Encoding   

  12  0:04  SCV  
  13  0:16  SCV  
  13  0:20  Supply Depot  
  15  0:28  SCV  
  15  0:42  SCV  
  16  0:43  Barracks  
  16  0:47  Refinery  
  16  0:54  SCV  
  17  1:06  SCV  
  18  1:20  SCV  
  20  1:34  Reaper  
  20  1:37  Orbital Command  
  20  1:42  Command Center  
  20  1:53  Supply Depot  
  20  2:02  SCV  
  20  2:06  Barracks Reactor  
  21  2:14  SCV  
  22  2:26  SCV  
  23  2:34  Barracks  
  23  2:37  Barracks  
  23  2:38  SCV  
  23  2:41  Marine  
  23  2:42  Marine  
  26  2:50  SCV  
  27  2:52  Refinery  
  27  3:00  Marine x2  
  27  3:03  SCV  
  30  3:05  Orbital Command  
  29  3:19  SCV  
  29  3:24  Marine x2  
  29  3:26  Marine x2  
  32  3:31  SCV  
  32  3:40  SCV  
  33  3:42  Marine x2  
  33  3:43  SCV  
  33  3:48  Barracks Tech Lab  
  35  3:53  SCV  
  36  3:55  SCV  
  37  4:05  SCV  
  37  4:08  Factory, SCV  
  39  4:13  Stimpack  
  39  4:17  SCV  
  39  4:20  Marine  
  39  4:21  Marine x2, SCV  
  44  4:29  SCV  
  45  4:34  SCV  
  46  4:42  Refinery  
  46  4:43  Engineering Bay  
  46  4:46  Supply Depot, Barracks Reactor  
  46  4:51  Supply Depot  
  46  4:52  Supply Depot, Starport  
  46  4:53  Factory Reactor  
  46  5:07  Marine x3, SCV x2  
  46  5:10  Terran Infantry Weapons Level 1  
  51  5:19  SCV x2, Missile Turret  
  53  5:22  Missile Turret  
  53  5:25  Marine x3  
  56  5:32  SCV x2  
  58  5:35  Medivac  
  58  5:36  Medivac  
  58  5:37  Factory Tech Lab  
  58  5:39  Supply Depot  
  58  5:41  Marine x2  
  64  5:43  Marine  
  64  5:44  SCV x2  
  64  5:46  Supply Depot  
  66  5:56  SCV x2  
  67  6:01  Marine  
  67  6:05  Medivac  
  67  6:06  Medivac  
  67  6:08  SCV x2  
  73  6:19  Marine x4  
  73  6:21  SCV x2  
  73  6:23  Supply Depot  
  73  6:24  Supply Depot  
  78  6:30  Marine  
  78  6:33  SCV  
  78  6:34  SCV  
  78  6:36  Marine  
  78  6:37  Marine x2  
  81  6:40  Marine  
  81  6:45  SCV  
  81  6:46  SCV  
  84  6:48  Combat Shields  
  85  6:54  Marine  
  85  7:00  Refinery  
  86  7:06  SCV  
  86  7:09  Medivac x2  
  86  7:10  Siege Tank, SCV  
  86  7:11  Supply Depot  
  86  7:13  Supply Depot  
  94  7:16  Command Center  
  94  7:18  SCV  
  94  7:21  Marine  
  94  7:22  Marine x2, SCV  
  97  7:23  Marine  
  97  7:26  Terran Infantry Armor Level 1  
  100  7:30  SCV  
  100  7:34  SCV  
  101  7:42  Siege Tank, SCV  
  105  7:46  SCV  
  105  7:50  Marauder  
  107  7:54  SCV  
  107  7:58  Marine x4  
  111  7:59  Medivac x2  
  116  8:08  SCV x2  
  118  8:21  Supply Depot  
  118  8:22  Supply Depot, Siege Tank, SCV x2  
  118  8:23  Barracks  
  118  8:24  Barracks  
  123  8:27  Supply Depot  
  123  8:29  Medivac  
  125  8:34  SCV  
  125  8:35  Engineering Bay, Armory  
  126  8:43  Marine x5  
  131  8:49  SCV  
  131  8:51  SCV  
  131  8:54  Siege Tank  
  136  8:58  Orbital Command  
  136  9:01  Marine, SCV  
  138  9:03  SCV  
  139  9:12  Factory  
  139  9:13  SCV  
  140  9:22  Marine  
  140  9:23  Marine x6  
  147  9:26  Siege Tank  
  147  9:31  Medivac  
  152  9:33  SCV  
  152  9:34  SCV x2  
  152  9:37  Refinery  
  155  9:39  Refinery  
  155  9:40  Marine x3  
  155  9:41  Supply Depot  
  155  9:45  Marine x2  
  159  9:46  Supply Depot, Marine, SCV  
  156  9:58  Siege Tank  
  152  10:02  Medivac x2  
  137  10:20  Marine x7  
  126  10:30  Factory Tech Lab  
  126  10:31  Terran Infantry Armor Level 2, Terran Infantry Weapons Level 2  
  126  10:32  Medivac x2  
  126  10:33  Terran Vehicle Weapons Level 1  
  130  10:38  Marine x7  
  137  10:49  Siege Tank  
  140  10:51  Supply Depot, Siege Tank  
  140  10:53  Supply Depot  
  140  10:55  Marine  
  140  10:56  Marine x3  
  149  10:57  Marine  
  149  10:59  Barracks Reactor  
  149  11:00  Barracks Reactor  
  149  11:01  Sensor Tower  
  148  11:09  Missile Turret  
  148  11:13  Marine, Missile Turret  
  148  11:14  Marine x3  
  148  11:15  SCV x3  
  148  11:17  Starport  
  155  11:21  Marine  
  156  11:27  SCV x3  
  156  11:31  Marine x2  
  161  11:33  Marine, Siege Tank x2  
  168  11:40  Marine x2  
  170  11:54  Sensor Tower  
  169  12:03  Marine  
  169  12:04  Marine x8  
  169  12:05  Siege Tank  
  180  12:21  Supply Depot, Marine x3  
  180  12:22  Marine x2  
  185  12:23  Command Center  
  185  12:29  Missile Turret  
  185  12:32  Missile Turret  
  185  12:49  Refinery  
  185  12:51  Sensor Tower  
  184  12:52  Refinery  
  184  13:01  Orbital Command  
  184  13:03  Siege Tank x2  
  155  13:13  Marine  
  135  13:20  Marine x7  
  135  13:21  Marine  
  143  13:31  Marine  
  144  13:37  SCV  
Show
View Real Time Build Order
Export as new Build Order

IlIlIIlIIlIl Terran 

Build Orders: Reaper Expand, Bio Tank 

Get SALT Encoding   

  12  0:00  SCV  
  13  0:13  SCV  
  14  0:17  Supply Depot  
  14  0:25  SCV  
  15  0:39  SCV  
  15  0:41  Barracks  
  16  0:43  Refinery  
  16  0:51  SCV  
  17  1:03  SCV  
  18  1:15  SCV  
  19  1:27  Reaper  
  19  1:28  Orbital Command  
  20  1:43  Command Center  
  20  1:54  SCV  
  20  1:55  Supply Depot  
  20  2:00  Reaper  
  22  2:06  SCV  
  23  2:18  SCV  
  23  2:20  Refinery  
  23  2:22  Factory  
  23  2:30  SCV  
  24  2:42  Barracks Reactor  
  24  2:43  SCV  
  25  2:55  SCV  
  25  2:57  Orbital Command  
  25  3:07  SCV  
  24  3:26  Marine x2  
  23  3:42  SCV x2  
  23  3:43  Marine x2  
  23  3:46  Starport, Factory Tech Lab  
  27  3:52  Command Center  
  27  3:54  SCV x2  
  29  4:01  Marine  
  30  4:06  SCV x2  
  31  4:18  SCV x2  
  31  4:20  Factory Tech Lab  
  31  4:23  Marine x2  
  34  4:28  Cloaking Field, Banshee  
  34  4:30  SCV x2  
  39  4:32  Supply Depot  
  39  4:40  Marine x2  
  39  4:42  SCV x2  
  39  4:43  Siege Tank  
  46  4:54  SCV x2  
  46  4:58  Marine x2  
  50  5:01  Refinery  
  50  5:05  Orbital Command  
  50  5:06  SCV x2  
  52  5:11  Banshee  
  55  5:17  Siege Tank  
  55  5:18  Marine x2, SCV  
  55  5:20  SCV  
  62  5:30  SCV  
  62  5:31  SCV  
  62  5:32  SCV  
  65  5:39  Barracks x2  
  65  5:43  SCV x2  
  65  5:45  SCV  
  65  5:49  Marine  
  69  6:14  Engineering Bay  
  69  6:17  Banshee  
  69  6:18  Supply Depot x3, Marine, Siege Tank, SCV x3  
  76  6:20  Marine  
  77  6:32  Refinery, Barracks Tech Lab x2  
  77  6:39  SCV x3  
  80  6:40  Engineering Bay  
  80  6:42  Barracks  
  80  6:43  Barracks  
  80  6:48  Marine x2  
  80  6:50  Siege Tank  
  80  6:51  Combat Shields  
  80  6:52  Marine x2, SCV x2, Stimpack  
  86  6:56  SCV  
  87  7:02  Missile Turret  
  87  7:04  SCV  
  87  7:06  Terran Infantry Weapons Level 1  
  87  7:08  Terran Infantry Armor Level 1, Missile Turret  
  90  7:10  Marine  
  89  7:20  Medivac  
  89  7:21  Factory  
  92  7:22  SCV  
  92  7:23  SCV x2  
  92  7:25  Barracks Reactor, Marine  
  92  7:28  Marine  
  96  7:33  Supply Depot  
  96  7:34  Supply Depot x2  
  96  7:35  SCV x2  
  96  7:36  SCV  
  99  7:38  Barracks Reactor x2  
  99  7:43  Marine  
  100  7:47  SCV  
  101  7:54  Marine  
  101  7:56  Siege Tank  
  105  7:59  Medivac x2  
  105  8:00  Marine  
  110  8:06  Marine x2  
  110  8:09  Siege Tank  
  110  8:12  Marine  
  116  8:14  Supply Depot  
  116  8:16  Supply Depot x2  
  116  8:17  Supply Depot, Marine x4  
  116  8:18  Marine  
  116  8:19  Supply Depot  
  121  8:21  Supply Depot  
  121  8:24  Marine x2  
  123  8:27  Armory  
  123  8:30  Marine  
  124  8:34  Marine  
  124  8:35  Marine x2, Siege Tank  
  124  8:41  Medivac  
  132  8:43  Orbital Command  
  132  8:53  Marine  
  132  8:54  Marine x6  
  136  8:58  Marine, Siege Tank  
  140  9:10  SCV x3  
  140  9:11  Marine  
  140  9:12  Marine x5  
  140  9:13  Sensor Tower  
  149  9:17  Refinery  
  149  9:22  Refinery, SCV x2, Missile Turret  
  149  9:23  SCV, Missile Turret  
  152  9:26  Terran Infantry Weapons Level 2  
  152  9:31  Marine  
  152  9:32  Marine x5  
  158  9:39  Marine x2  
  160  9:46  Siege Tank x2  
  160  9:49  Marine x3  
  160  9:50  Marine x3  
  172  9:56  Marine  
  172  9:57  Marine  
  169  10:00  Command Center  
  166  10:07  Marine x2  
  166  10:08  Marine x4  
  170  10:14  Marine  
  170  10:15  Marine  
  163  10:25  Marine x3  
  163  10:26  Marine x3  
  163  10:30  Terran Infantry Armor Level 2  
  163  10:32  Marine x2, Terran Vehicle Weapons Level 1  
  163  10:33  Missile Turret  
  163  10:35  Missile Turret  
  165  10:42  Marine  
  165  10:43  Marine x5  
  171  10:50  Marine x2  
  171  10:51  Siege Tank  
  171  10:52  Medivac  
  178  11:00  Marine  
  178  11:01  Marine x2  
  181  11:11  Medivac, Siege Tank  
  185  11:21  Marine  
  185  11:22  Marine, Medivac  
  185  11:23  Siege Tank  
  182  11:41  Medivac  
  182  11:43  Marine  
  182  11:44  Marine x7  
  192  11:51  Planetary Fortress  
  192  11:52  Medivac  
  194  12:01  Marine x5  
  199  12:14  Marine  
  200  12:37  Command Center  
  200  12:40  Sensor Tower  
  196  12:59  Siege Tank  
  199  13:09  Marine x5  
  199  13:11  Marine  
  148  13:16  Siege Tank  
  107  13:27  Marine x5  
  111  13:29  Marine  
  118  13:35  Factory x2  
  118  13:36  Barracks Reactor, Refinery  
  118  13:37  Refinery  
  118  13:40  Barracks Reactor  
Tags
 
Add a new tag
Caveats
  • Supply blocks, unpowered buildings, or Contaminate may cause inaccurate times.
  • Supply counts are checked every 10 seconds.